 Dungeon Crawl Stone Soup version 0.21.1-1-g345015fe64 (webtiles) character file.

79 Gargoyl the Skirmisher (level 4, 0/38 HPs)
             Began as a Centaur Abyssal Knight on Mar 24, 2018.
             Was a Follower of Lugonu.
             Succumbed to an adder's poison
             ... on level 2 of the Dungeon.
             The game lasted 00:03:30 (1421 turns).

Gargoyl the Skirmisher (Centaur Abyssal Knight)     Turns: 1421, Time: 00:03:31

Health: 0/38       AC:  6    Str: 16    XL:     4   Next: 17%
Magic:  5/5        EV:  8    Int: 11    God:    Lugonu [*.....]
Gold:   72         SH:  0    Dex: 10    Spells: 3/3 levels left

rFire    . . .     SeeInvis .   a - +1 hand axe
rCold    . . .     Gourm    .   (no shield)
rNeg     + . .     Faith    .   n - +0 ring mail {rPois}
rPois    +         Spirit   .   e - +0 helmet
rElec    .         Reflect  .   (no cloak)
rCorr    .         Harm     .   (no gloves)
MR       .....                  (no barding)
Stlth    ..........             (no amulet)
HPRegen  0.12/turn              d - ring of positive energy
MPRegen  0.09/turn              j - +2 ring of strength

@: lethally poisoned (0 -> -1), very quick
A: large, hooves 3, deformed body, speed 2, tough skin 3
a: Depart the Abyss, Renounce Religion


You were on level 2 of the Dungeon.
You worshipped Lugonu.
Lugonu was aware of your devotion.
You were not hungry.

You visited 1 branch of the dungeon, and saw 2 of its levels.
You visited the Abyss 1 time.

You collected 72 gold pieces.

Inventory:

Hand Weapons
 a - a +1 hand axe (weapon)
Armour
 e - a +0 helmet (worn)
 n - a +0 ring mail of poison resistance (worn)
Jewellery
 d - a ring of positive energy (left hand)
 j - a +2 ring of strength (right hand)
Scrolls
 h - a scroll of enchant weapon {unknown}
 i - a scroll of identify {unknown}
 m - 2 scrolls of random uselessness {unknown}
Comestibles
 c - 4 rations


   Skills:
 + Level 3.5 Fighting
 + Level 2.9 Axes
 * Level 1.8 Armour
 + Level 0.9 Dodging
 * Level 2.6 Invocations


You had 3 spell levels left.
You didn't know any spells.

Dungeon Overview and Level Annotations

Branches:
Dungeon (2/15)

Altars:
Cheibriados


Innate Abilities, Weirdness & Mutations

You have hooves in place of feet.
Armour fits poorly on your strangely shaped body.
You cover ground very quickly.
You have extremely tough skin. (AC +3)


Message History

You slash the adder!
You kill the adder!
Lugonu accepts your kill.
Your life force feels restored.
You feel sick.
You cannot move.
You cannot move.
You cannot move.
You cannot move.
You start resting.
You feel sick. x6
Your transformation is almost over.
You start resting.
You feel sick. x2
You feel less wooden.
Your +0 helmet unmelds from your body.
Your +0 ring mail of poison resistance unmelds from your body.
You feel resistant to poison.
There is a lethal amount of poison in your body!
Found 7 gold pieces.
You die...

#. #. ## #. .#
######.##.##
.........[.
#.......##
###.#...#..#
.......@...##.......
...................
.....<..##.####...#
#......†##.# #.#.#
#..........# ##.>.##
#.....##†#.# #.....#
#..##. #.#.###.....#
# #.. ..
.##......#..# # #$
...#.
######....#####


There were no monsters in sight!

Vanquished Creatures
  Jessica (D:2)
  An adder (D:2)
  4 dart slugs
  A leopard gecko (D:1)
  5 bats
  2 giant cockroaches
  4 goblins
  2 hobgoblins
  4 jackals (D:1)
  5 kobolds
  A frilled lizard (D:1)
  4 rats
34 creatures vanquished.

Vanquished Creatures (others)
  2 starspawn tentacles (Abyss:1)
2 creatures vanquished.

Grand Total: 36 creatures vanquished

Notes
Turn   | Place    | Note
-------+----------+-------------------------------------------
     0 | Abyss:1  | Gargoyl the Centaur Abyssal Knight began the quest for the Orb.
     0 | Abyss:1  | Reached XP level 1. HP: 19/19 MP: 2/2
    51 | Abyss:1  | Found a corrupted altar of Lugonu.
    58 | Abyss:1  | Noticed a starcursed mass
    68 | Abyss:1  | Noticed a large abomination
    70 | Abyss:1  | Noticed a raiju
    73 | Abyss:1  | Noticed a tentacled starspawn
    85 | Abyss:1  | Noticed a worldbinder
    89 | D:1      | Escaped the Abyss
   240 | D:1      | Reached XP level 2. HP: 26/26 MP: 3/3
   255 | D:1      | Reached * piety under Lugonu
   849 | D:1      | Reached XP level 3. HP: 31/31 MP: 4/4
  1102 | D:2      | Noticed Jessica
  1110 | D:2      | Found a snail-covered altar of Cheibriados.
  1132 | D:2      | Killed Jessica
  1365 | D:2      | Reached XP level 4. HP: 38/38 MP: 5/5
  1408 | D:2      | HP: 2/57 [poisoned by an adder]
  1416 | D:2      | HP: 2/57 [poisoned by an adder]
  1421 | D:2      | Succumbed to an adder's poison

Skill      XL: |  1  2 |
---------------+-------+-----
Axes           | 2 |  2.9
Fighting       | |  3.5
Armour         | |  1.8
Dodging        | |  0.9
Invocations    | |  2.6

Action                   |  1- 3 |  4- 6 || total
-------------------------+-------+-------++-------
Melee: Hand axe          |    80 |    22 ||   102
       Kick              |     9 |     1 ||    10
Invok: Depart the Abyss  |     1 |       ||     1
  Use: Potion            |     1 |     4 ||     5
  Eat: Chunk             |     1 |       ||     1
Armor: Leather armour    |    44 |       ||    44
       Ring mail         |       |    15 ||    15
       Skin              |       |     4 ||     4
Dodge: Dodged            |    39 |    11 ||    50
